 Dungeon Crawl Stone Soup version 0.31-a0-208-gdb31a4691d (webtiles) character file.

Game seed: 4603734031061093244

99 ytrimaz the Grave Robber (level 4, -1/30 HPs)
             Began as a Mummy Necromancer on June 29, 2023.
             Slain by a black bear (4 damage)
             ... on level 3 of the Dungeon.
             The game lasted 00:02:47 (2442 turns).

ytrimaz the Grave Robber (Mummy Necromancer)        Turns: 2442, Time: 00:02:48

Health: -1/30      AC:  2    Str: 17    XL:     4   Next: 45%
Magic:  4/9        EV: 12    Int: 16    God:
Gold:   111        SH:  0    Dex: 12    Spells: 9/10 levels left

rFire   x . .        (no weapon)
rCold   + . .        (no shield)
rNeg    + + +        a - +0 robe
rPois   ∞            (no helmet)
rElec   .            (no cloak)
rCorr   .            (no gloves)
SInv    .            (no boots)
Will    .....        (no amulet)
Stlth   ++           b - +6 ring of strength
HPRegen 0.25/turn    (no ring)
MPRegen 0.11/turn

%: faith
@: no status effects
A: cold resistance 1, negative energy resistance 3, torment resistance 2, heat
vulnerability 1, in touch with death 1, no potions, faith
a: no special abilities


You were on level 3 of the Dungeon.
You visited 1 branch of the dungeon, and saw 3 of its levels.

You collected 111 gold pieces.


Innate Abilities, Weirdness & Mutations

You are immune to poison.
Your flesh is cold resistant. (rC+)
You are immune to negative energy. (rN+++)
You are immune to unholy pain and torment.
You are vulnerable to heat. (rF-)
You are in touch with the powers of death.
You do not drink.
You have a special connection with the divine. (Faith)


   Skills:
 * Level 3.0 Dodging
 - Level 1.5 Stealth
 + Level 3.7 Spellcasting
 + Level 4.5 Necromancy


You had 9 spell levels left.
You knew the following spells:

 Your Spells              Type           Power      Damage    Failure   Level
a - Necrotise             Necr           100%       1d9       2%          1

Your spell library contained the following spells:

 Spells                   Type           Power      Damage    Failure   Level
 Vampiric Draining        Necr           26%        2d7       9%          3
 Animate Dead             Necr           26%        N/A       26%         4
 Stone Arrow              Conj/Erth      4%         3d7       45%         3
 Agony                    Necr           26%        N/A       58%         5
 Animate Armour           Summ/Erth      4%         N/A       86%         4
 Lehudib's Crystal Spear  Conj/Erth      1%         10d2      100%        8

Inventory:

Armour
 a - a +0 robe (worn)
Jewellery
 b - a +6 ring of strength (left hand)
   (You found it on level 2 of the Dungeon)
Wands
 c - a wand of iceblast (8)
   (You found it on level 2 of the Dungeon)
Scrolls
 d - a scroll of identify
 e - a scroll of brand weapon
 f - a scroll of revelation {unknown}

Dungeon Overview and Level Annotations

Branches:
Dungeon (3/15) Zot: 15555

Altars:

#...!........
#.........o..
#.....#......
#.....#......
#............ ...#
#.).......### ..#..
###.........# ...#
##.#........ #..#
#..#@.###### .#..#
#.##h##K?..# .##.#
#.#..# ?$.. ..#.####
#.#..# #hw#..#.....
#.#..# :....#.#.##
#.#.w# ....#.#.#
#.##.## #..##.#.#
#[.#..######..#..#.#
##.##.....w..##.##.#


You could see a black bear (berserk), a dart slug and an orc.


Message History

Your orc skeleton crumbles into dust!
Your kobold skeleton crumbles into dust!
Key pressed, stopping explore.
Key pressed, stopping explore.
Unknown command. 😎 HP[+4] MP[+7]
Your hp is fully restored (30).
Your mp is fully restored (9).
f - a scroll labelled KYWNISHR HUITTUT You now have 111 gold pieces (gained 6).
Key pressed, stopping explore.
Key pressed, stopping explore.
You see here a +0 robe.
A goblin comes into view. It is wielding a +0 club.
A goblin is nearby!
A goblin is nearby!
A goblin is nearby!
You feel a surge of power!
The goblin shouts!
The goblin writhes in agony. 😎 MP[-1]
You lost 1 mp, and now have 8/9 mp.
The goblin hits you but does no damage.
You feel a surge of power!
The goblin writhes in agony.
The goblin hits you but does no damage. 😎 MP[-1]
You lost 1 mp, and now have 7/9 mp.
You feel a surge of power!
The goblin writhes in agony!
You kill the goblin!
The dead are walking! 😎 MP[-1]
You lost 1 mp, and now have 6/9 mp.
You can't see any susceptible monsters within range! (Use Z to cast anyway.)
You see here a +0 club.
Your goblin skeleton crumbles into dust!
Key pressed, stopping explore.
A black bear, a dart slug and a ball python come into view. 😎 MP[+3]
Your mp is fully restored (9).
There are monsters nearby!
There are monsters nearby!
A kobold comes into view. It is wielding a +0 short sword.
You feel a surge of power!
The ball python writhes in agony!
You kill the ball python!
The dead are slithering! 😎 MP[-1]
You lost 1 mp, and now have 8/9 mp.
You feel a surge of power!
The dart slug writhes in agony! 😎 MP[-1]
You lost 1 mp, and now have 7/9 mp.
The black bear bites your ball python skeleton.
The black bear claws your ball python skeleton.
Your ball python skeleton is destroyed! 😎 MP[+1]
The dart slug briefly extends its eye-stalks. 😎 MP[+1]
Your mp is fully restored (9).
Aiming: Necrotise (safe; 2% risk of failure)
Press: ? - help, Q - select action, (/) - cycle Shift-Dir - straight line, f - black bear
Aim: a black bear (chance to affect: 83%)
You feel a surge of power!
The black bear writhes in agony. 😎 MP[-1]
You lost 1 mp, and now have 8/9 mp.
Aiming: Necrotise (safe; 2% risk of failure)
Press: ? - help, Q - select action, (/) - cycle Shift-Dir - straight line, f/p - black bear
Aim: a black bear (lightly wounded, chance to affect: 83%)
You feel a surge of power!
The black bear writhes in agony!
The black bear bites you. The black bear misses you.
The black bear claws you. 😕 HP[-6] MP[-1]
You take 6 damage, and now have 24/30 hp.
You lost 1 mp, and now have 7/9 mp.
Aiming: Necrotise (safe; 2% risk of failure)
Press: ? - help, Q - select action, (/) - cycle Shift-Dir - straight line, f/p - black bear
Aim: a black bear (heavily wounded, chance to affect: 83%)
You feel a surge of power!
The black bear writhes in agony!
The black bear goes berserk! 😕 MP[-1]
You lost 1 mp, and now have 6/9 mp.
Aiming: Necrotise (safe; 2% risk of failure)
Press: ? - help, Q - select action, (/) - cycle Shift-Dir - straight line, f/p - black bear
Aim: a black bear (almost dead, berserk, chance to affect: 83%)
You feel a surge of power!
The black bear barely resists.
The black bear bites you. The black bear claws you.
* * * LOW HITPOINT WARNING * * *
The black bear claws you.
* * * LOW HITPOINT WARNING * * *
An orc comes into view.
It is wielding a +0 mace. 😨 HP[-14] MP[-1]
You take 14 damage, and now have 10/30 hp.
MASSIVE DAMAGE!! (PAUSE)
You lost 1 mp, and now have 5/9 mp.
Unknown command.
Aiming: Necrotise (safe; 2% risk of failure)
Press: ? - help, Q - select action, (/) - cycle Shift-Dir - straight line, f/p - black bear
Aim: a black bear (severely wounded, berserk, chance to affect: 83%)
You feel a surge of power!
The black bear barely resists.
The orc shouts!
The black bear bites you!
* * * LOW HITPOINT WARNING * * *
The black bear claws you.
You die...

Skill      XL: |  1  2  3 |
---------------+----------+-----
Dodging        | 2 3 |  3.0
Spellcasting   | 3 |  3.7
Stealth        | |  1.5
Necromancy     | |  4.5

Action                     |  1- 3 |  4- 6 || total
---------------------------+-------+-------++-------
  Melee: Unarmed           |     8 |       ||     8
         Punch             |     1 |       ||     1
  Throw: Dart              |     5 |       ||     5
   Cast: Necrotise         |    89 |    12 ||   101
    Use: Scroll            |     4 |       ||     4
 Armour: Robe              |     3 |     2 ||     5
  Dodge: Dodged            |    19 |     1 ||    20

Levels and vault maps discovered:
D:1:      dpeg_arrival_three_same_balls, layout_rooms
D:2:      layout_basic, hellmonk_ecumenical_altar_zigzags
D:3:      layout_rooms, grunt_decor_arrowhead, minmay_randomly_rotated_circles

Notes
Turn   | Place    | Note
-------+----------+-------------------------------------------
     0 | D:1      | ytrimaz the Mummy Necromancer began the quest for the Orb.
     0 | D:1      | Reached XP level 1. HP: 13/13 MP: 4/4
     0 | D:1      | magus.rc [v1.9.6]
    34 | D:1      | You pick up a book of Armaments and begin reading...
    34 | D:1      | You add the spells Stone Arrow, Animate Armour and
                  | Lehudib's Crystal Spear to your library.
   333 | D:1      | Reached skill level 2 in Dodging
   333 | D:1      | Reached XP level 2. HP: 14/19 MP: 2/5
   495 | D:1      | Reached skill level 3 in Spellcasting
  1133 | D:2      | Identified the +0 plate armour of the Lumpy Blessings
                  | {Str+3}
  1269 | D:2      | Gained mutation: You are in touch with the powers of death.
                  | [Mummy growth]
  1269 | D:2      | Reached XP level 3. HP: 24/24 MP: 3/7
  1379 | D:2      | Found a faded altar of an unknown god.
  2222 | D:3      | Reached skill level 3 in Dodging
  2222 | D:3      | Reached XP level 4. HP: 30/30 MP: 3/9
  2417 | D:3      | Noticed a black bear
  2442 | D:3      | HP: 3/30 [black bear (8)]
  2442 | D:3      | Slain by a black bear

Vanquished Creatures
  3 adders (D:2)
  3 worms (D:2)
  An orc (D:3)
  2 ball pythons
  2 bats (D:1)
  3 endoplasms
  2 giant cockroaches (D:2)
  3 goblins
  A hobgoblin (D:1)
  3 quokkas (D:2)
  2 frilled lizards
  5 kobolds
  3 rats
33 creatures vanquished.

Vanquished Creatures (collateral kills)
  A jelly (D:3)
1 creature vanquished.

Grand Total: 34 creatures vanquished

Table legend:
 A = Non-vault XP
 B = Vault XP
 C = Vault XP percentage of total XP
 D = Non-vault monster count
 E = Vault monster count
 F = Vault count percentage of total count
                 A         B        C        D         E       F
            +---------+---------+-------+---------+---------+-------
      Total |     140 |       2 |   1.4 |      33 |       1 |   2.9
            +---------+---------+-------+---------+---------+-------
        D:1 |      23 |       0 |   0.0 |      14 |       0 |   0.0
        D:2 |      69 |       0 |   0.0 |      14 |       0 |   0.0
        D:3 |      48 |       2 |   4.0 |       5 |       1 |  16.7
            +---------+---------+-------+---------+---------+-------

Skill      XL: |  1  2  3 |
---------------+----------+-----
Dodging        | 2 3 |  3.0
Spellcasting   | 3 |  3.7
Stealth        | |  1.5
Necromancy     | |  4.5

Action                     |  1- 3 |  4- 6 || total
---------------------------+-------+-------++-------
  Melee: Unarmed           |     8 |       ||     8
         Punch             |     1 |       ||     1
  Throw: Dart              |     5 |       ||     5
   Cast: Necrotise         |    89 |    12 ||   101
    Use: Scroll            |     4 |       ||     4
 Armour: Robe              |     3 |     2 ||     5
  Dodge: Dodged            |    19 |     1 ||    20

Illustrated notes

Table legend:
 A = Kills in this place as a percentage of kills in the entire game.
 B = Kills by you in this place as a percentage of kills by you in the entire game.
 C = Kills by friends in this place as a percentage of kills by friends in the entire game.
 D = Other kills in this place as a percentage of other kills in the entire game.
 E = Experience gained in this place as a percentage of experience gained in the entire game.
 F = Experience gained in this place divided by the number of levels of this place that you have seen.
                   A       B       C       D       E      F
               +-------+-------+-------+-------+-------+----------------------
         Total | 100.0 | 100.0 | 100.0 |   N/A | 100.0 |  47.3
       Dungeon | 100.0 | 100.0 | 100.0 |   N/A | 100.0 |  47.3
               +-------+-------+-------+-------+-------+----------------------

Table legend: (Time is in decaauts)
 A = Elapsed time spent in this place.
 B = Non-inter-level travel time spent in this place.
 C = Inter-level travel time spent in this place.
 D = Time resting spent in this place.
 E = Time spent auto-exploring this place.
 F = Levels seen in this place.
 G = Mean time per level.
                   A        B        C        D        E       F      G
               +--------+--------+--------+--------+--------+-----+--------+
         Total |   2444 |   2401 |     43 |    111 |   1877 |   3 |  814.7 |
       Dungeon |   2444 |   2401 |     43 |    111 |   1877 |   3 |  814.7 |
               +--------+--------+--------+--------+--------+-----+--------+

Top non-repeatable levels by time:
     D:2: 1327 daAuts
     D:1: 834 daAuts
     D:3: 281 daAuts
